 Dungeon Crawl Stone Soup version 0.27-a0-1158-gaa87e14f67 (webtiles) character file.

Game seed: 14734420659186082203

5 1player the Ducker (level 1, 16/16 HPs)
             Began as a Vampire Gladiator on May 14, 2021.
             Quit the game on level 1 of the Dungeon on May 15, 2021.
             The game lasted 00:04:56 (171 turns).

1player the Ducker (Vampire Gladiator)               Turns: 171, Time: 00:04:56

Health: 16/16      AC:  4    Str: 13    XL:     1   Next: 66%
Magic:  1/1        EV: 12    Int: 10    God:
Gold:   0          SH:  0    Dex: 15    Spells: 0/0 levels left

rFire    . . .     SeeInvis +   a - +0 long sword
rCold    . . .     Faith    .   (no shield)
rNeg     . . .     Spirit   .   b - +0 leather armour
rPois    .         Reflect  .   c - +0 helmet
rElec    .         Harm     .   (no cloak)
rCorr    .         Rampage  .   (no gloves)
Will     .....                  (no boots)
Stlth    +.........             (no amulet)
HPRegen  0.25/turn              (no ring)
MPRegen  0.07/turn              (no ring)

@: healing quickly
A: alive, fangs 3, see invisible, vampiric 1
a: Exsanguinate


You were on level 1 of the Dungeon.
You visited 1 branch of the dungeon, and saw 1 of its levels.

Inventory:

Hand Weapons
 a - a +0 long sword (weapon)
Missiles
 d - 3 throwing nets (quivered)
Armour
 b - a +0 leather armour (worn)
 c - a +0 helmet (worn)
Scrolls
 f - a scroll of amnesia {unknown}
 g - a scroll of immolation {unknown}
 i - a scroll of holy word {unknown}
Potions
 e - a potion of curing {unknown}
 h - a potion of heal wounds {unknown}


   Skills:
 + Level 1.9 Fighting
 + Level 3.1 Long Blades
 + Level 1.7 Throwing
 + Level 3.4 Dodging


You couldn't memorise any spells.
You didn't know any spells.
Your spell library was empty.

Dungeon Overview and Level Annotations

Branches:
Dungeon (1/15)

Altars:


Innate Abilities, Weirdness & Mutations

Your natural rate of healing is accelerated.
You have razor-sharp teeth.
You have supernaturally acute eyesight. (SInv)
You are afflicted with vampirism.


Message History

a +0 short sword; a quokka corpse; a kobold corpse
Found a white potion.
Found a scroll labelled LIUTUCOIPT.
e - a white potion
f - a scroll labelled LIUTUCOIPT A goblin comes into view.
It is wielding a +0 dagger.
The goblin shouts!
The goblin barely misses you.
You riposte.
You hit the goblin.
The goblin is almost dead.
You hit the goblin.
You kill the goblin!
You see here a +0 dagger.
You aren't carrying any items that you can evoke.
Unknown command.
Saving game... please wait.
Welcome back, 1player the Vampire Gladiator.
Press ? for a list of commands and other information.
There's something in the way.
Found 28 arrows.
g - a scroll labelled KYOQIE CUOCZA;
h - a blue potion A bat comes into view.
The bat hits you but does no damage.
You hit the bat.
You kill the bat!
No target in view!
Saving game... please wait.
Welcome back, 1player the Vampire Gladiator.
Press ? for a list of commands and other information.
You see here a bat corpse.
i - a scroll labelled KEM VONLEUPLER
Found a stone staircase leading down.
Saving game... please wait.
Welcome back, 1player the Vampire Gladiator.
Press ? for a list of commands and other information.
Unknown command.
Unknown command.
Are you sure you want to abandon this character and quit the game? (Confirm with "yes".)
Okay, then.
Unknown command.
Are you sure you want to abandon this character and quit the game? (Confirm with "yes".)

.# #.#
.......#.#.####
.# #.#
.##.##.........
.# ##########.#
# #.#.#.#### .#
...........#
#.....# .#
##########.#
###.### .. #.#
#.# #.# #.#
##.## #.######
#..@# #.#>....
#.....#......#
#.......
#.#.#...####.#
##)###+##
#.##.##
#≈.≈≈≈.≈# . ..
#≈≈.≈.≈≈# . .>.
#.###≈≈...≈§#
.# ...
......≈.<.§..
....
..###≈≈...§§#
#≈≈.≈§§§#


There were no monsters in sight!

Vanquished Creatures
  A bat (D:1)
  A goblin (D:1)
  A kobold (D:1)
  A quokka (D:1)
4 creatures vanquished.

Notes
Turn   | Place    | Note
-------+----------+-------------------------------------------
     0 | D:1      | 1player the Vampire Gladiator began the quest for the Orb.
     0 | D:1      | Reached XP level 1. HP: 16/16 MP: 1/1
   171 | D:1      | Upgraded the game from 0.27-a0-1154-gfdeffcb720 to
                  | 0.27-a0-1158-gaa87e14f67
   171 | D:1      | Quit the game

Illustrated notes

Levels and vault maps discovered:
D:1:      ncdulo_lavacross, layout_loops_ring, dk_noncrumbling_4

Action                   || total
-------------------------++-------
Melee: Long sword        ||     8
Armor: Leather armour    ||     3
Dodge: Dodged            ||     3
       Rpst.: Long sword ||     2

Table legend: (Time is in decaauts)
 A = Elapsed time spent in this place.
 B = Non-inter-level travel time spent in this place.
 C = Inter-level travel time spent in this place.
 D = Time resting spent in this place.
 E = Time spent auto-exploring this place.
 F = Levels seen in this place.
 G = Mean time per level.
                   A        B        C        D        E       F      G
               +--------+--------+--------+--------+--------+-----+--------+
         Total |    170 |    170 |      0 |     13 |     76 |   1 |  170.0 |
       Dungeon |    170 |    170 |      0 |     13 |     76 |   1 |  170.0 |
               +--------+--------+--------+--------+--------+-----+--------+

Top non-repeatable levels by time:
     D:1: 170 daAuts
